Map: Blood Boil LE

Players

A.I. 1 (Elite)

  • Race: Zerg Zerg
  • Spawn Location: 5:00

A.I. 2 (Elite) - Winner!

  • Race: Terran Terran
  • Spawn Location: 11:00

VOD

Have the link to the VOD?

Description

Time

  • Played on: July 12, 2017, 5:35 p.m.
  • Length: 17:47
Show
View Real Time Build Order
Export as new Build Order

A.I. 1 (Elite) Zerg 

Build Orders: Pool First 

Get SALT Encoding   

  12  0:00  Unknown  
  12  0:01  Drone  
  13  0:12  Overlord  
  13  0:17  Drone  
  14  0:30  Drone x2  
  16  0:44  Spawning Pool  
  16  0:46  Drone  
  16  0:50  Drone  
  17  1:11  Hatchery  
  17  1:14  Drone  
  17  1:18  Extractor  
  16  1:19  Drone  
  16  1:23  Drone  
  18  1:28  Drone  
  19  1:38  Overlord  
  19  1:49  Drone  
  19  1:50  Queen  
  22  2:00  Zergling x2  
  23  2:10  Drone  
  24  2:21  Drone  
  25  2:26  Queen  
  25  2:29  Roach Warren  
  26  2:34  Drone  
  26  2:35  Extractor  
  26  2:38  Drone  
  27  2:44  Overlord  
  27  2:48  Drone  
  28  2:51  Drone  
  28  2:54  Drone  
  28  2:57  Drone  
  31  2:59  Drone  
  31  3:03  Zergling x2  
  33  3:07  Zergling x2  
  33  3:11  Roach  
  36  3:14  Roach  
  36  3:19  Roach  
  40  3:23  Roach  
  42  3:28  Drone x2  
  42  3:33  Overlord  
  44  3:41  Lair  
  44  3:45  Metabolic Boost  
  44  3:52  Drone  
  44  3:53  Drone  
  44  3:55  Drone  
  47  3:58  Drone  
  47  3:59  Drone  
  47  4:02  Drone  
  50  4:04  Drone  
  50  4:09  Overlord  
  51  4:11  Drone  
  52  4:18  Evolution Chamber  
  52  4:20  Drone, Evolution Chamber  
  52  4:22  Drone  
  52  4:27  Drone x2  
  54  4:31  Drone  
  54  4:33  Drone  
  54  4:34  Drone  
  54  4:37  Drone  
  58  4:43  Infestation Pit, Drone, Zerg Missile Weapons Level 1  
  58  4:47  Zerg Ground Armor Level 1  
  58  4:50  Overlord  
  58  4:53  Overlord  
  58  4:55  Drone  
  58  4:57  Zergling x2  
  60  5:09  Drone x3  
  60  5:10  Extractor, Drone  
  60  5:11  Hydralisk Den, Drone  
  60  5:13  Drone  
  64  5:15  Drone  
  64  5:16  Drone  
  64  5:19  Overlord  
  64  5:21  Drone  
  67  5:22  Drone  
  68  5:29  Drone  
  68  5:30  Infestor  
  71  5:36  Roach, Drone  
  71  5:37  Drone  
  71  5:39  Overlord  
  71  5:40  Roach, Drone  
  71  5:41  Roach  
  80  5:43  Roach  
  82  5:51  Hydralisk  
  84  5:57  Hydralisk  
  84  6:02  Overlord  
  84  6:04  Hydralisk  
  86  6:07  Hatchery, Hydralisk  
  89  6:17  Infestor  
  91  6:21  Overlord  
  91  6:26  Spine Crawler  
  91  6:27  Ravager  
  91  6:30  Roach, Spine Crawler  
  93  6:40  Ravager  
  93  6:42  Roach  
  95  6:48  Overlord, Hydralisk  
  97  6:54  Hydralisk  
  97  7:00  Hydralisk  
  101  7:06  Hydralisk  
  101  7:07  Overlord  
  103  7:09  Spore Crawler  
  103  7:13  Spore Crawler, Overseer  
  103  7:14  Spine Crawler  
  103  7:15  Drone  
  101  7:18  Queen  
  101  7:19  Drone x2  
  101  7:20  Drone x3  
  101  7:21  Drone x2  
  101  7:22  Drone x3  
  113  7:23  Drone x2  
  113  7:26  Overlord  
  113  7:29  Drone  
  116  7:32  Extractor  
  116  7:33  Drone  
  116  7:34  Extractor  
  115  7:37  Drone  
  115  7:40  Drone  
  115  7:42  Infestor  
  115  7:43  Drone x2  
  121  7:45  Drone  
  121  7:46  Roach, Drone x2  
  121  7:49  Drone  
  121  7:50  Drone  
  128  7:55  Drone  
  129  8:00  Drone  
  129  8:01  Drone  
  131  8:06  Infestor  
  131  8:07  Zerg Missile Weapons Level 2  
  131  8:09  Spine Crawler  
  131  8:10  Drone  
  131  8:12  Overlord  
  133  8:22  Hatchery  
  133  8:23  Drone  
  133  8:24  Zerg Ground Armor Level 2  
  133  8:26  Hatchery  
  132  8:27  Drone  
  132  8:30  Overlord  
  133  8:36  Pathogen Glands  
  133  8:38  Queen  
  135  8:48  Spine Crawler, Drone  
  135  8:52  Overlord, Zergling x2  
  135  8:55  Zergling x2  
  137  8:56  Evolution Chamber  
  137  8:57  Drone  
  137  9:00  Zergling x2  
  138  9:11  Zergling x2  
  138  9:17  Zergling x2  
  138  9:18  Roach  
  138  9:20  Overlord, Roach  
  138  9:21  Spine Crawler  
  138  9:22  Roach, Drone  
  138  9:23  Zerg Melee Weapons Level 1  
  145  9:24  Spine Crawler  
  145  9:25  Hydralisk  
  145  9:26  Spore Crawler, Drone x2  
  145  9:29  Spore Crawler, Hydralisk  
  145  9:30  Drone  
  149  9:32  Spine Crawler  
  149  9:35  Spine Crawler  
  149  9:36  Drone  
  149  9:38  Spine Crawler, Drone  
  148  9:39  Drone, Queen  
  148  9:41  Spine Crawler, Drone  
  148  9:45  Zergling x2  
  150  9:46  Zergling x2  
  150  9:48  Extractor  
  150  9:50  Drone  
  150  9:52  Extractor  
  150  9:53  Drone  
  150  9:56  Hatchery  
  150  9:57  Drone  
  150  9:59  Zergling x4  
  153  10:00  Overseer  
  153  10:01  Zergling x2, Drone, Baneling Nest  
  153  10:02  Zergling x2, Infestor  
  153  10:04  Hydralisk  
  153  10:05  Roach x2  
  153  10:06  Roach, Zergling x2, Infestor  
  141  10:07  Hydralisk  
  141  10:08  Hydralisk  
  141  10:09  Hydralisk  
  141  10:10  Zergling x2, Hydralisk  
  141  10:11  Zergling x2, Hydralisk  
  141  10:12  Roach, Zergling x2  
  141  10:13  Roach x2  
  143  10:15  Spore Crawler  
  143  10:16  Roach, Drone  
  143  10:17  Roach  
  143  10:18  Spore Crawler  
  143  10:19  Drone  
  143  10:21  Infestor  
  137  10:37  Ravager  
  137  10:38  Roach x2, Ravager  
  137  10:42  Spore Crawler  
  142  10:43  Drone  
  142  10:45  Hive, Spine Crawler, Drone  
  142  10:46  Zergling x2, Baneling  
  142  10:48  Spore Crawler  
  142  10:49  Drone  
  144  11:08  Queen  
  146  11:14  Extractor  
  146  11:16  Drone  
  146  11:23  Extractor  
  146  11:24  Hatchery, Drone  
  146  11:25  Drone  
  146  11:29  Spore Crawler  
  146  11:30  Drone  
  146  11:47  Zerg Melee Weapons Level 2  
  146  11:51  Spine Crawler  
  146  11:53  Drone  
  146  11:55  Spine Crawler  
  146  11:56  Drone  
  146  11:57  Zerg Missile Weapons Level 3, Spine Crawler  
  146  11:59  Zerg Ground Armor Level 3, Roach, Drone, Hydralisk  
  146  12:00  Roach x2, Spine Crawler, Hydralisk  
  155  12:03  Drone  
  156  12:12  Overlord, Roach x2, Ravager  
  156  12:13  Ravager  
  156  12:15  Baneling  
  160  12:16  Roach, Queen  
  160  12:17  Lurker Den  
  160  12:18  Roach x2, Viper  
  160  12:19  Overseer  
  160  12:21  Spore Crawler  
  160  12:22  Drone x2  
  168  12:23  Zergling x2, Drone, Queen  
  168  12:29  Zergling x2  
  168  12:30  Overlord, Zergling x4  
  168  12:31  Zergling x2, Drone  
  168  12:32  Zergling x4  
  168  12:33  Zergling x6, Viper  
  168  12:34  Roach  
  159  12:37  Roach  
  159  12:38  Roach  
  159  12:39  Drone  
  159  12:40  Drone  
  159  12:41  Drone  
  159  12:42  Overseer  
  159  12:43  Drone  
  130  12:45  Drone  
  130  12:46  Drone  
  130  12:48  Drone  
  130  12:51  Hydralisk  
  119  12:53  Extractor, Drone  
  119  12:56  Hydralisk  
  119  12:58  Drone  
  114  12:59  Drone  
  114  13:00  Drone  
  114  13:01  Drone  
  114  13:03  Roach x2  
  114  13:04  Roach  
  108  13:06  Roach, Spine Crawler  
  108  13:07  Drone  
  108  13:09  Drone x2  
  108  13:10  Spine Crawler  
  108  13:11  Baneling, Drone  
  108  13:12  Pneumatized Carapace, Baneling  
  112  13:13  Zergling x2, Baneling  
  112  13:14  Infestor  
  112  13:16  Roach  
  112  13:18  Roach  
  112  13:19  Roach  
  121  13:21  Roach, Hatchery  
  121  13:23  Drone  
  121  13:25  Infestor  
  121  13:26  Zergling x2  
  124  13:27  Zergling x2  
  124  13:29  Zergling x2  
  124  13:30  Zergling x2  
  124  13:31  Zergling x2  
  115  13:40  Roach, Hydralisk  
  109  13:43  Hydralisk  
  109  13:45  Drone  
  109  13:46  Drone  
  109  13:47  Drone  
  111  13:49  Roach  
  111  13:51  Roach  
  111  13:52  Roach  
  111  13:54  Roach  
  102  13:56  Roach  
  102  13:57  Zergling x2, Hatchery  
  102  13:58  Drone  
  102  14:00  Overseer  
  102  14:02  Roach  
  106  14:04  Zergling x2  
  106  14:06  Drone  
  106  14:07  Extractor, Drone  
  106  14:08  Drone  
  103  14:10  Drone  
  103  14:12  Hydralisk  
  103  14:15  Drone  
  99  14:17  Hydralisk  
  99  14:19  Drone  
  99  14:22  Roach  
  99  14:23  Zergling x2  
  72  14:35  Zergling x2  
  68  14:46  Roach  
  68  14:47  Hatchery  
  68  14:48  Zergling x2  
  60  14:53  Roach  
  60  15:05  Roach, Zergling x2, Overseer  
  54  15:14  Hatchery  
  29  15:34  Roach, Zergling x2  
  19  15:58  Hatchery  
  8  17:14  Drone x3  
Show
View Real Time Build Order
Export as new Build Order

A.I. 2 (Elite) Terran - Winner!

Build Orders: Mech 

Get SALT Encoding   

  12  0:00  SCV, Unknown  
  13  0:13  SCV  
  14  0:19  Supply Depot  
  14  0:25  SCV  
  15  0:40  SCV  
  16  0:45  Barracks  
  16  0:52  SCV  
  17  1:04  SCV  
  18  1:17  SCV  
  19  1:21  Command Center  
  19  1:34  Marine  
  19  1:36  Orbital Command  
  20  1:43  Refinery  
  20  1:52  Marine  
  20  1:53  Supply Depot  
  21  2:01  SCV  
  21  2:06  Refinery  
  22  2:10  Marine  
  22  2:15  SCV  
  24  2:27  Marine, SCV  
  26  2:33  SCV  
  27  2:45  Marine  
  27  2:46  Factory, SCV, Orbital Command  
  29  3:00  SCV  
  29  3:01  Factory  
  29  3:03  Marine  
  31  3:11  SCV  
  33  3:12  SCV  
  33  3:19  Supply Depot  
  33  3:21  Marine  
  33  3:24  SCV x2  
  36  3:31  Factory Tech Lab  
  36  3:36  SCV  
  36  3:37  SCV  
  38  3:45  Factory Tech Lab  
  38  3:48  SCV  
  39  3:49  SCV  
  39  3:52  Siege Tank  
  39  3:53  Supply Depot  
  43  4:00  SCV  
  43  4:01  SCV  
  45  4:04  Siege Tank  
  48  4:10  Supply Depot, Marine  
  48  4:12  SCV  
  48  4:13  SCV  
  51  4:19  Supply Depot  
  54  4:24  SCV, Siege Tank  
  54  4:25  SCV  
  56  4:34  Supply Depot  
  56  4:36  SCV  
  56  4:37  SCV, Marine  
  59  4:45  Siege Tank  
  59  4:48  SCV  
  59  4:49  SCV  
  64  4:53  Supply Depot  
  64  4:55  Marine  
  64  4:59  Barracks  
  65  5:00  SCV  
  65  5:01  SCV  
  65  5:03  Hellion  
  65  5:04  Refinery  
  69  5:12  Factory, SCV  
  69  5:13  SCV, Barracks Tech Lab  
  71  5:16  Command Center  
  71  5:18  Hellion  
  73  5:24  Hellion  
  73  5:25  SCV  
  73  5:26  SCV  
  77  5:29  Armory  
  77  5:37  SCV  
  77  5:38  SCV  
  77  5:39  Hellion  
  81  5:45  Hellion  
  81  5:49  SCV  
  84  5:50  SCV  
  84  5:51  Supply Depot  
  84  5:55  Hellion  
  84  5:56  Marauder  
  88  6:01  SCV  
  88  6:02  SCV  
  90  6:13  Engineering Bay  
  90  6:14  SCV  
  90  6:17  Supply Depot, Armory, Marauder  
  93  6:18  Terran Vehicle And Ship Armor Level 1  
  93  6:19  Engineering Bay  
  93  6:29  SCV x2  
  93  6:30  SCV  
  96  6:39  Refinery, Marauder  
  98  6:41  Terran Infantry Armor Level 1, SCV x2  
  98  6:42  SCV, Missile Turret  
  98  6:43  Refinery  
  98  6:45  Terran Infantry Weapons Level 1  
  101  6:47  Missile Turret  
  101  6:51  Missile Turret  
  101  6:53  SCV  
  103  6:54  SCV x2, Missile Turret  
  103  6:56  Siege Tank  
  107  7:03  Hellion  
  107  7:04  Terran Vehicle Weapons Level 1  
  107  7:05  SCV, Hellion  
  107  7:06  Supply Depot, SCV, Orbital Command  
  113  7:11  Marine  
  113  7:12  Marine  
  115  7:17  SCV  
  115  7:18  SCV  
  115  7:21  Stimpack  
  117  7:24  Siege Tank  
  117  7:25  Missile Turret  
  117  7:29  SCV, Marauder  
  123  7:30  Supply Depot, SCV  
  124  7:46  Missile Turret  
  124  7:49  Infernal Pre-Igniter  
  124  7:50  Command Center, Cyclone  
  127  7:53  Cyclone  
  127  7:55  Supply Depot  
  127  7:56  Widow Mine  
  132  8:06  Starport  
  132  8:11  Missile Turret  
  132  8:21  Widow Mine, Barracks  
  132  8:22  Supply Depot  
  132  8:25  Widow Mine, Hellion  
  138  8:37  Barracks Reactor  
  138  8:44  Medivac, Marine  
  138  8:46  Supply Depot, Widow Mine  
  143  8:48  Missile Turret  
  143  8:50  Hellion  
  143  8:51  Missile Turret  
  145  9:01  Terran Infantry Weapons Level 2  
  145  9:02  Marine  
  146  9:04  Refinery  
  146  9:07  Marine  
  147  9:12  Terran Vehicle Weapons Level 2  
  147  9:13  Refinery, Marine  
  147  9:14  Medivac, Marine  
  147  9:15  Barracks  
  151  9:17  Missile Turret  
  151  9:18  Command Center  
  151  9:19  Marine  
  151  9:21  Combat Shields  
  151  9:23  Planetary Fortress  
  152  9:27  Missile Turret  
  152  9:30  Missile Turret  
  152  9:33  Marine  
  152  9:34  Marine  
  152  9:37  Missile Turret  
  154  9:39  Starport  
  154  9:42  Marauder  
  154  9:45  Supply Depot, Widow Mine, Starport Tech Lab  
  152  9:46  Widow Mine, Hellion  
  152  9:52  Barracks Tech Lab  
  154  9:54  SCV  
  154  9:55  SCV  
  149  10:03  Medivac, Marauder  
  149  10:06  SCV  
  147  10:08  Hellion  
  147  10:11  Marauder  
  147  10:12  Supply Depot, Marine x2  
  147  10:13  Marine  
  135  10:14  Hellion  
  135  10:16  Hellion  
  135  10:20  Missile Turret  
  136  10:24  Marine  
  136  10:26  Hi-Sec Auto Tracking  
  136  10:27  Factory  
  137  10:29  Hellion, Command Center  
  137  10:30  Marine x3  
  137  10:32  Marauder  
  137  10:33  Raven  
  137  10:34  Planetary Fortress, Missile Turret  
  146  10:35  Siege Tank  
  146  10:37  Hellion  
  153  10:42  Concussive Shells  
  153  10:43  Marauder  
  153  10:47  Refinery  
  153  10:48  Marine x2  
  155  10:50  Missile Turret  
  155  10:51  Hellion, Missile Turret  
  155  10:56  Refinery  
  157  10:59  Factory Tech Lab  
  157  11:00  Marine  
  157  11:01  Marine  
  157  11:03  Marine  
  160  11:05  Marine  
  160  11:07  Medivac  
  160  11:08  Hellion  
  160  11:11  High Capacity Fuel Tanks  
  165  11:12  Marine, Hellion  
  165  11:16  Medivac  
  165  11:18  Marine  
  170  11:22  Supply Depot  
  170  11:24  Marine  
  170  11:25  Marine, Missile Turret  
  173  11:27  Terran Infantry Weapons Level 3  
  173  11:28  Missile Turret  
  173  11:41  Terran Vehicle Weapons Level 3  
  173  11:46  Raven  
  175  11:48  Command Center  
  175  11:50  Planetary Fortress  
  175  11:51  SCV  
  175  12:03  Siege Tank  
  178  12:12  Thor  
  178  12:15  Marauder x2  
  188  12:26  Fusion Core  
  188  12:27  Liberator  
  187  12:31  Unknown  
  187  12:32  Marine  
  187  12:33  Unknown  
  187  12:34  Liberator, Unknown  
  187  12:35  Marine, Hellion  
  187  12:36  Marauder, Hellion x2  
  177  12:37  Marine, Marauder  
  167  12:45  SCV  
  167  12:50  Marine  
  155  12:53  Marine  
  155  12:55  Marine, Hellion  
  155  12:57  Widow Mine, Hellion x2  
  155  12:58  Marauder x2  
  163  13:04  Refinery, Planetary Fortress  
  160  13:07  Marine  
  160  13:10  Marine  
  162  13:12  Marine  
  162  13:13  Missile Turret  
  162  13:16  Cyclone  
  162  13:18  Widow Mine, Hellion  
  162  13:19  Marine, Marauder  
  173  13:23  Missile Turret  
  173  13:25  Marine  
  173  13:26  Ghost Academy, Cyclone  
  177  13:27  Viking  
  177  13:28  Marine  
  177  13:30  Missile Turret  
  177  13:31  Marine  
  177  13:32  Refinery  
  178  13:34  Viking  
  178  13:37  Marauder  
  178  13:39  Siege Tank, Command Center  
  178  13:40  Marine  
  180  13:47  Siege Tank  
  183  13:49  Hellion, Unknown  
  185  13:56  Marine  
  185  13:57  Viking, Ghost  
  185  13:58  Hellion  
  192  14:05  Marauder  
  192  14:09  Terran Infantry Armor Level 2  
  194  14:10  Building Armor, Siege Tank  
  193  14:18  Hellion  
  193  14:20  Unknown  
  193  14:22  Terran Vehicle And Ship Armor Level 2, Hellion x2  
  193  14:23  Viking, Marine  
  198  14:38  Widow Mine  
  200  14:51  Planetary Fortress  
  195  15:01  Battlecruiser  
  195  15:06  Missile Turret  
  200  15:09  Missile Turret  
  195  15:15  Missile Turret  
  192  15:52  Cyclone  
  192  15:54  Refinery  
  193  15:58  Marauder x2  
  190  16:05  Battlecruiser  
  190  16:14  Hellion  
  190  16:15  Hellion x2  
  190  16:19  Marauder x2  
  190  16:25  Hellion  
  193  16:40  Marauder  
Tags
 
Composition
Mech
Matchup
TvZ
Opening
Pool First
Replay Pack
Pack 1
Spawn Locations
Cross Positions
Add a new tag
Caveats
  • Supply blocks, unpowered buildings, or Contaminate may cause inaccurate times.
  • Supply counts are checked every 10 seconds.